Canadiens vs Blues

Created - 17 décembre 2020 at 20:28

Goals
1 2 3 T
Canadiens 2 1 1 4
Blues 0 1 0 1
Shots
1 2 3 T
Canadiens 7 12 14 33
Blues 19 13 7 39

1st period

1. Canadiens , Auston Matthews 8 (Teuvo Teravainen 20, Cam Fowler 11) at 0:08
2. Canadiens , Patrick Kane 10 (Auston Matthews 14) at 11:28

Penalties :
Valeri Nichushkin (MTL) for Holding (Minor) at 13:28

2nd period

3. Canadiens , Teuvo Teravainen 8 (Patrick Kane 14, Auston Matthews 15) at 6:02
4. Blues , Jack Eichel 12 (Mikko Rantanen 17, Josh Bailey 13) at 19:29

Penalties :
Auston Matthews (MTL) for Tripping (Minor) at 3:08, Patrick Kane (MTL) for Interference (Minor) at 8:32

3rd period

5. Canadiens , David Krejci 5 (Cam Fowler 12, Ivan Provorov 16) at 11:20 (PP)

Penalties :
Ivan Provorov (MTL) for High sticking (Minor) at 5:43, Jordan Staal (STL) for Interference (Minor) at 7:52, MacKenzie Weegar (STL) for Hooking (Minor) at 9:55

Goalie Stats

Tuukka Rask (MTL), 38 saves from 39 shots - (0,974), W, 5-5-1, 60:00 minutes
Carter Hart (STL), 29 saves from 33 shots - (0,879), L, 15-9-2, 60:00 minutes

Players Stats for Canadiens

Player Name              G  A  P  +/- PIM S  H  SB GA TA FO     MP     PP MP  PK MP  
------------------------------------------------------------------------------------
Artturi Lehkonen         0  0  0   0  0   0  1  0  0  0  0/4    13:37   0:00   2:05 
Auston Matthews          1  2  3   2  2   7  1  0  0  0  17/32  18:44   1:40   1:21 
Cam Fowler               0  2  2   1  0   1  0  2  0  0  0/0    23:22   1:48   4:12 
Colin White              0  0  0   0  0   0  1  0  0  0  1/5    11:32   0:00   0:00 
Danny DeKeyser           0  0  0  -1  0   0  3  0  0  0  0/0    18:12   0:00   3:22 
David Krejci             1  0  1   0  0   3  1  0  0  0  11/20  16:50   1:44   0:03 
Ilya Kovalchuk           0  0  0   0  0   0  0  0  0  0  1/2    16:47   1:44   0:00 
Ivan Provorov            0  1  1   1  2   4  0  4  0  0  0/0    20:59   1:48   1:50 
Jakob Silfverberg        0  0  0   0  0   2  0  0  0  0  0/1    19:13   1:44   2:26 
Josh Morrissey           0  0  0  -1  0   1  1  0  0  0  0/0    18:02   1:36   1:36 
Loui Eriksson            0  0  0   0  0   2  0  0  0  0  0/1    10:57   0:00   4:36 
Nate Schmidt             0  0  0   2  0   0  1  2  0  0  0/0    22:32   1:36   4:28 
Nick Shore               0  0  0   0  0   0  1  1  0  0  12/24  10:51   0:00   4:30 
Patrick Kane             1  1  2   2  2   8  1  0  0  0  0/2    17:23   1:40   0:00 
Teuvo Teravainen         1  1  2   2  0   2  0  0  0  0  0/0    17:24   1:40   0:00 
Travis Sanheim           0  0  0   2  0   0  1  0  0  0  0/0    16:52   0:00   0:24 
Tyson Jost               0  0  0   0  0   1  0  0  0  0  0/0     7:12   0:00   0:51 
Valeri Nichushkin        0  0  0   0  2   2  0  0  0  0  0/3    11:31   0:00   0:00 

Players Stats for Blues

Player Name              G  A  P  +/- PIM S  H  SB GA TA FO     MP     PP MP  PK MP  
------------------------------------------------------------------------------------
Andrew Copp              0  0  0   0  0   2  0  0  0  0  0/0     3:24   0:02   0:00 
Anthony Mantha           0  0  0   0  0   1  1  0  0  0  0/1    17:34   2:59   1:50 
Christian Dvorak         0  0  0   0  0   5  1  0  0  0  11/16  18:42   4:38   0:41 
Colin Miller             0  0  0   0  0   1  0  0  0  0  0/0    12:36   0:00   0:00 
Dougie Hamilton          0  0  0  -1  0   3  3  0  0  0  0/0    22:33   4:57   1:09 
Jack Eichel              1  0  1  -2  0   7  2  1  0  0  15/31  23:23   4:38   0:00 
Johnny Gaudreau          0  0  0   0  0   5  0  0  0  0  1/2    17:12   3:18   0:31 
Jordan Staal             0  0  0   0  2   1  0  0  0  0  6/12   10:21   0:00   1:25 
Josh Bailey              0  1  1  -2  0   2  0  0  0  0  1/2    17:53   3:18   0:00 
MacKenzie Weegar         0  0  0   0  2   0  1  0  0  0  0/0    12:35   0:00   0:00 
Martin Necas             0  0  0   0  0   2  0  0  0  0  0/0    11:45   0:00   0:00 
Michael Chaput           0  0  0   0  0   1  1  0  0  0  0/0     8:57   0:00   0:00 
Mikko Rantanen           0  1  1  -2  0   3  1  0  0  0  2/3    20:09   4:38   0:00 
P.K. Subban              0  0  0  -1  0   0  1  1  0  0  0/0    21:52   0:00   2:15 
Ryan Pulock              0  0  0  -1  0   4  3  0  0  0  0/0    22:33   4:57   1:09 
Sean Couturier           0  0  0   0  0   2  1  0  0  0  16/26  21:17   3:16   2:21 
Seth Jones               0  0  0  -1  0   0  1  2  0  0  0/0    24:51   2:59   2:15 
Trevor Lewis             0  0  0   0  0   0  0  0  0  0  0/1     8:57   0:00   0:00 

3 Stars

1 - Tuukka Rask (MTL)
2 - Auston Matthews (MTL)
3 - Teuvo Teravainen (MTL)

Power Play

Canadiens - 1 on 2 Attempt(s) - 50,00%
Blues - 0 on 4 Attempt(s) - 0,00%

Penalty Kill

Canadiens - 4 on 4 Attempt(s) - 100,00% - Score 0 goal in Penalty Kill
Blues - 1 on 2 Attempt(s) - 50,00% - Score 0 goal in Penalty Kill

Team Stat

Canadiens - Hits : 12 - Faceoff Wins : 42 - Blocked Shots : 9 - Penalty Minutes : 8
Blues - Hits : 16 - Faceoff Wins : 52 - Blocked Shots : 4 - Penalty Minutes : 4

Official

Referees : Kevin Pollock and Kelly Sutherland
Linesman : Ryan Galloway and Tony Sericolo

Game Notes

Andrew Copp is injured at 15:16 of 1st period (Back)

Finance

Level 1 -- Attendance: 6500 (100,00%) -- Ticket Income 715 000 $
Level 2 -- Attendance: 5000 (100,00%) -- Ticket Income 375 000 $
Level 3 -- Attendance: 3087 (88,20%) -- Ticket Income 169 785 $
Level 4 -- Attendance: 1562 (100,00%) -- Ticket Income 60 918 $
Luxury Box -- Attendance: 903 (90,30%) -- Ticket Income 179 697 $
Game was played at the Scottrade Center.
Total Attendance: 17052 (97,10%)
Total Ticket Income: 1 500 400 $
Other Income: 735 196 $
Total Income: 2 235 596 $

% Time on Ice - Canadiens

Lines # - Real PCT - Wanted PCT - Time Play
Normal Forward
1 - 32% - 35% - 15:44
2 - 31% - 35% - 15:03
3 - 24% - 20% - 11:32
4 - 13% - 10% - 6:21
Normal Defense
1 - 36% - 38% - 17:22
2 - 34% - 37% - 16:28
3 - 18% - 15% - 8:52
4 - 12% - 10% - 5:58
PP Forward
1 - 49% - 50% - 1:40
2 - 51% - 50% - 1:44
PP Defense
1 - 53% - 50% - 1:48
2 - 47% - 50% - 1:36
PK Forward
1 - 69% - 60% - 5:30
2 - 31% - 40% - 2:26
PK Defense
1 - 57% - 50% - 4:29
2 - 43% - 50% - 3:27
PK3 Forward
1 - 0% - 60%
2 - 0% - 40%
PK3 Defense
1 - 0% - 50%
2 - 0% - 50%
44 Forward
1 - 0% - 60%
2 - 0% - 40%
44 Defense
1 - 0% - 50%
2 - 0% - 50%
Last Minute Offensive  - 0:00
Last Minute Defensive  - 0:00
Total
Forward - 60:00
Defense - 60:00

% Time on Ice - Blues

Lines # - Real PCT - Wanted PCT - Time Play
Normal Forward
1 - 30% - 37% - 14:35
2 - 28% - 28% - 13:23
3 - 24% - 28% - 11:45
4 - 18% - 7% - 8:57
Normal Defense
1 - 40% - 45% - 19:37
2 - 34% - 40% - 16:27
3 - 26% - 15% - 12:36
4 - 0% - 0% - 0:00
PP Forward
1 - 58% - 50% - 4:38
2 - 42% - 50% - 3:18
PP Defense
1 - 62% - 60% - 4:57
2 - 38% - 40% - 2:59
PK Forward
1 - 100% - 60% - 3:24
2 - 0% - 40% - 0:00
PK Defense
1 - 66% - 60% - 2:15
2 - 34% - 40% - 1:09
PK3 Forward
1 - 0% - 60%
2 - 0% - 40%
PK3 Defense
1 - 0% - 60%
2 - 0% - 40%
44 Forward
1 - 0% - 50%
2 - 0% - 50%
44 Defense
1 - 0% - 50%
2 - 0% - 50%
Last Minute Offensive  - 0:00
Last Minute Defensive  - 0:00
Total
Forward - 60:00
Defense - 60:00

Play-by-Play

1st period


0:01 of 1st period - Auston Matthews wins face-off versus Jack Eichel in neutral zone.
0:06 of 1st period - Shot by Teuvo Teravainen.
0:06 of 1st period - Shot Misses the Net.
0:08 of 1st period - Shot by Auston Matthews.
0:08 of 1st period - Goal by Auston Matthews - Canadiens : 1 - Blues : 0.
0:09 of 1st period - David Krejci wins face-off versus Johnny Gaudreau in neutral zone.
1:01 of 1st period - Nate Schmidt is hit by Anthony Mantha and loses puck.
1:20 of 1st period - Shot by Sean Couturier.
1:20 of 1st period - Deflect By Martin Necas.
1:20 of 1st period - Stopped by Tuukka Rask without a rebound.
1:21 of 1st period - Jack Eichel wins face-off versus Auston Matthews in Canadiens zone.
1:22 of 1st period - Shot by Mikko Rantanen.
1:22 of 1st period - Stopped by Tuukka Rask without a rebound.
1:23 of 1st period - Mikko Rantanen wins face-off versus Auston Matthews in Canadiens zone.
2:31 of 1st period - Shot by Sean Couturier.
2:31 of 1st period - Shot Misses the Net.
2:37 of 1st period - Shot by Martin Necas.
2:37 of 1st period - Stopped by Tuukka Rask without a rebound.
2:38 of 1st period - Nick Shore wins face-off versus Jordan Staal in Canadiens zone.
3:02 of 1st period - Shot by Ryan Pulock.
3:02 of 1st period - Shot Misses the Net.
3:44 of 1st period - Shot by Christian Dvorak.
3:44 of 1st period - Stopped by Tuukka Rask with a rebound.
3:50 of 1st period - Shot by Andrew Copp.
3:50 of 1st period - Stopped by Tuukka Rask without a rebound.
3:51 of 1st period - Auston Matthews wins face-off versus Jack Eichel in Canadiens zone.
4:04 of 1st period - Shot by Patrick Kane.
4:04 of 1st period - Stopped by Carter Hart without a rebound.
4:05 of 1st period - David Krejci wins face-off versus Sean Couturier in Blues zone.
4:10 of 1st period - Shot by Ilya Kovalchuk.
4:10 of 1st period - Shot Misses the Net.
4:17 of 1st period - Jakob Silfverberg is hit by P.K. Subban and loses puck.
5:09 of 1st period - Shot by Jack Eichel.
5:09 of 1st period - Deflect By Mikko Rantanen.
5:09 of 1st period - Stopped by Tuukka Rask with a rebound.
5:47 of 1st period - Travis Sanheim is hit by Jack Eichel and loses puck.
6:03 of 1st period - Icing by Colin Miller.
6:04 of 1st period - Christian Dvorak wins face-off versus Nick Shore in Blues zone.
6:08 of 1st period - Off-side.
6:09 of 1st period - Christian Dvorak wins face-off versus Jakob Silfverberg in neutral zone.
6:18 of 1st period - Shot by Johnny Gaudreau.
6:18 of 1st period - Shot Blocked by Cam Fowler.
6:20 of 1st period - Shot by Seth Jones.
6:20 of 1st period - Shot Misses the Net.
6:22 of 1st period - Shot by Christian Dvorak.
6:22 of 1st period - Stopped by Tuukka Rask without a rebound.
6:23 of 1st period - Sean Couturier wins face-off versus Valeri Nichushkin in Canadiens zone.
6:28 of 1st period - Shot by Sean Couturier.
6:28 of 1st period - Stopped by Tuukka Rask without a rebound.
6:29 of 1st period - Christian Dvorak wins face-off versus Auston Matthews in Canadiens zone.
6:40 of 1st period - Shot by Christian Dvorak.
6:40 of 1st period - Stopped by Tuukka Rask without a rebound.
6:41 of 1st period - Ilya Kovalchuk wins face-off versus Jack Eichel in Canadiens zone.
6:45 of 1st period - Off-side.
6:46 of 1st period - David Krejci wins face-off versus Mikko Rantanen in neutral zone.
7:15 of 1st period - Shot by Jack Eichel.
7:15 of 1st period - Stopped by Tuukka Rask without a rebound.
7:16 of 1st period - Christian Dvorak wins face-off versus Auston Matthews in Canadiens zone.
7:51 of 1st period - Shot by Andrew Copp.
7:51 of 1st period - Stopped by Tuukka Rask with a rebound.
7:53 of 1st period - Shot by Johnny Gaudreau.
7:53 of 1st period - Stopped by Tuukka Rask without a rebound.
7:54 of 1st period - Jack Eichel wins face-off versus Valeri Nichushkin in Canadiens zone.
8:01 of 1st period - Shot by Jack Eichel.
8:01 of 1st period - Deflect By Mikko Rantanen.
8:01 of 1st period - Shot Misses the Net.
8:03 of 1st period - Shot by Mikko Rantanen.
8:03 of 1st period - Shot Misses the Net.
8:05 of 1st period - Shot by Josh Bailey.
8:05 of 1st period - Stopped by Tuukka Rask without a rebound.
8:06 of 1st period - Sean Couturier wins face-off versus Nick Shore in Canadiens zone.
9:56 of 1st period - Off-side.
9:57 of 1st period - Auston Matthews wins face-off versus Christian Dvorak in neutral zone.
10:07 of 1st period - Patrick Kane is hit by Dougie Hamilton and loses puck.
10:38 of 1st period - Shot by Patrick Kane.
10:38 of 1st period - Stopped by Carter Hart without a rebound.
10:39 of 1st period - Colin White wins face-off versus Jordan Staal in Blues zone.
11:12 of 1st period - Shot by Trevor Lewis.
11:12 of 1st period - Deflect By Jordan Staal.
11:12 of 1st period - Shot Misses the Net.
11:14 of 1st period - Shot by Jordan Staal.
11:14 of 1st period - Stopped by Tuukka Rask without a rebound.
11:15 of 1st period - Nick Shore wins face-off versus Jack Eichel in Canadiens zone.
11:20 of 1st period - Shot by Tyson Jost.
11:20 of 1st period - Stopped by Carter Hart without a rebound.
11:21 of 1st period - Auston Matthews wins face-off versus Jack Eichel in Blues zone.
11:24 of 1st period - Shot by Patrick Kane.
11:24 of 1st period - Shot Hit the Post.
11:26 of 1st period - Shot by Teuvo Teravainen.
11:26 of 1st period - Stopped by Carter Hart without a rebound.
11:27 of 1st period - Auston Matthews wins face-off versus Jack Eichel in Blues zone.
11:28 of 1st period - Shot by Patrick Kane.
11:28 of 1st period - Goal by Patrick Kane - Canadiens : 2 - Blues : 0.
11:29 of 1st period - Jack Eichel wins face-off versus Patrick Kane in neutral zone.
11:57 of 1st period - Icing by Auston Matthews.
11:58 of 1st period - Auston Matthews wins face-off versus Sean Couturier in Canadiens zone.
12:05 of 1st period - Shot by Auston Matthews.
12:05 of 1st period - Stopped by Carter Hart without a rebound.
12:06 of 1st period - David Krejci wins face-off versus Sean Couturier in Blues zone.
12:27 of 1st period - Shot by David Krejci.
12:27 of 1st period - Shot Blocked by Seth Jones.
13:28 of 1st period - Minor Penalty to Valeri Nichushkin for Holding.
13:29 of 1st period - Jack Eichel wins face-off versus Nick Shore in Canadiens zone.
13:42 of 1st period - Shot by Dougie Hamilton.
13:42 of 1st period - Shot Misses the Net.
13:46 of 1st period - Shot by Christian Dvorak.
13:46 of 1st period - Stopped by Tuukka Rask without a rebound.
13:47 of 1st period - Nick Shore wins face-off versus Jack Eichel in Canadiens zone.
14:14 of 1st period - Off-side.
14:15 of 1st period - Sean Couturier wins face-off versus Nick Shore in neutral zone.
14:38 of 1st period - Shot by Sean Couturier.
14:38 of 1st period - Shot Blocked by Cam Fowler.
15:08 of 1st period - Shot by Jack Eichel.
15:08 of 1st period - Shot Misses the Net.
15:10 of 1st period - Shot by Mikko Rantanen.
15:10 of 1st period - Shot Misses the Net.
15:12 of 1st period - Shot by Seth Jones.
15:12 of 1st period - Shot Misses the Net.
15:14 of 1st period - Shot by Jack Eichel.
15:14 of 1st period - Stopped by Tuukka Rask without a rebound.
15:15 of 1st period - Johnny Gaudreau wins face-off versus Artturi Lehkonen in Canadiens zone.
15:15 of 1st period - Andrew Copp is hit by Danny DeKeyser and loses puck.
15:16 of 1st period - Andrew Copp from Blues is injured at 15:16 of 1st period (Back).
15:17 of 1st period - Sean Couturier wins face-off versus Artturi Lehkonen in Canadiens zone.
15:37 of 1st period - Icing by Danny DeKeyser.
15:38 of 1st period - Jack Eichel wins face-off versus Auston Matthews in Canadiens zone.
15:43 of 1st period - Shot by Jack Eichel.
15:43 of 1st period - Shot Misses the Net.
16:04 of 1st period - Shot by Auston Matthews.
16:04 of 1st period - Shot Misses the Net.
17:05 of 1st period - Nate Schmidt is hit by Ryan Pulock and loses puck.
17:26 of 1st period - Shot by Johnny Gaudreau.
17:26 of 1st period - Stopped by Tuukka Rask without a rebound.
17:27 of 1st period - Nick Shore wins face-off versus Jordan Staal in Canadiens zone.
17:27 of 1st period - Ivan Provorov is hit by Michael Chaput and loses puck.
17:38 of 1st period - Off-side.
17:39 of 1st period - Auston Matthews wins face-off versus Anthony Mantha in neutral zone.
17:43 of 1st period - Patrick Kane is hit by Dougie Hamilton and loses puck.
18:10 of 1st period - Shot by Anthony Mantha.
18:10 of 1st period - Shot Misses the Net.
18:12 of 1st period - Shot by Ryan Pulock.
18:12 of 1st period - Stopped by Tuukka Rask with a rebound.
18:14 of 1st period - Shot by Dougie Hamilton.
18:14 of 1st period - Stopped by Tuukka Rask without a rebound.
18:15 of 1st period - David Krejci wins face-off versus Christian Dvorak in Canadiens zone.
18:32 of 1st period - Christian Dvorak is hit by Travis Sanheim and loses puck.
18:42 of 1st period - Icing by Nate Schmidt.
18:43 of 1st period - Jordan Staal wins face-off versus David Krejci in Canadiens zone.
18:45 of 1st period - Trevor Lewis is hit by Nate Schmidt and loses puck.
18:49 of 1st period - Icing by Nate Schmidt.
18:50 of 1st period - Sean Couturier wins face-off versus David Krejci in Canadiens zone.
18:53 of 1st period - Shot by Sean Couturier.
18:53 of 1st period - Shot Misses the Net.
18:56 of 1st period - Icing by Travis Sanheim.
18:57 of 1st period - David Krejci wins face-off versus Christian Dvorak in Canadiens zone.
18:57 of 1st period - David Krejci is hit by Christian Dvorak.
19:31 of 1st period - Shot by Patrick Kane.
19:31 of 1st period - Shot Misses the Net.
19:34 of 1st period - Icing by Ryan Pulock.
19:35 of 1st period - Christian Dvorak wins face-off versus Colin White in Blues zone.
Goals for this period are 2 for Canadiens vs 0 for Blues.
Shots for this period are 7 for Canadiens vs 19 for Blues.

2nd period


0:01 of 2nd period - Josh Bailey wins face-off versus Auston Matthews in neutral zone.
0:04 of 2nd period - Cam Fowler is hit by Jack Eichel and loses puck.
0:33 of 2nd period - Shot by Patrick Kane.
0:33 of 2nd period - Stopped by Carter Hart with a rebound.
0:35 of 2nd period - Shot by Teuvo Teravainen.
0:35 of 2nd period - Shot Blocked by P.K. Subban.
0:37 of 2nd period - Shot by Ivan Provorov.
0:37 of 2nd period - Stopped by Carter Hart with a rebound.
0:59 of 2nd period - Off-side.
1:00 of 2nd period - Christian Dvorak wins face-off versus David Krejci in neutral zone.
1:03 of 2nd period - Ilya Kovalchuk is hit by Sean Couturier.
2:01 of 2nd period - Shot by Colin White.
2:01 of 2nd period - Shot Misses the Net.
2:07 of 2nd period - Shot by Valeri Nichushkin.
2:07 of 2nd period - Shot Misses the Net.
2:09 of 2nd period - Shot by Valeri Nichushkin.
2:09 of 2nd period - Stopped by Carter Hart without a rebound.
2:10 of 2nd period - Jordan Staal wins face-off versus Nick Shore in Blues zone.
3:08 of 2nd period - Minor Penalty to Auston Matthews for Tripping.
3:09 of 2nd period - Jack Eichel wins face-off versus Artturi Lehkonen in Canadiens zone.
3:25 of 2nd period - Mikko Rantanen is hit by Danny DeKeyser and loses puck.
3:48 of 2nd period - Shot by Sean Couturier.
3:48 of 2nd period - Stopped by Tuukka Rask without a rebound.
3:49 of 2nd period - Sean Couturier wins face-off versus Nick Shore in Canadiens zone.
3:58 of 2nd period - Shot by Johnny Gaudreau.
3:58 of 2nd period - Stopped by Tuukka Rask without a rebound.
3:59 of 2nd period - Sean Couturier wins face-off versus Loui Eriksson in Canadiens zone.
4:07 of 2nd period - Icing by Ryan Pulock.
4:08 of 2nd period - Nick Shore wins face-off versus Sean Couturier in Blues zone.
4:15 of 2nd period - Shot by Ryan Pulock.
4:15 of 2nd period - Stopped by Tuukka Rask without a rebound.
4:16 of 2nd period - Sean Couturier wins face-off versus Artturi Lehkonen in Canadiens zone.
4:31 of 2nd period - Shot by Dougie Hamilton.
4:31 of 2nd period - Shot Blocked by Nate Schmidt.
4:33 of 2nd period - Shot by Ryan Pulock.
4:33 of 2nd period - Stopped by Tuukka Rask without a rebound.
4:34 of 2nd period - Jack Eichel wins face-off versus Nick Shore in Canadiens zone.
4:39 of 2nd period - Shot by Christian Dvorak.
4:39 of 2nd period - Stopped by Tuukka Rask without a rebound.
4:40 of 2nd period - Nick Shore wins face-off versus Jack Eichel in Canadiens zone.
4:48 of 2nd period - Icing by Jack Eichel.
4:49 of 2nd period - Nick Shore wins face-off versus Jack Eichel in Blues zone.
4:49 of 2nd period - Nick Shore is hit by Dougie Hamilton.
5:05 of 2nd period - Shot by Ryan Pulock.
5:05 of 2nd period - Shot Blocked by Nate Schmidt.
5:16 of 2nd period - Sean Couturier is hit by Josh Morrissey and loses puck.
5:23 of 2nd period - Shot by David Krejci.
5:23 of 2nd period - Shot Misses the Net.
5:25 of 2nd period - Shot by David Krejci.
5:25 of 2nd period - Stopped by Carter Hart without a rebound.
5:26 of 2nd period - Jack Eichel wins face-off versus Auston Matthews in Blues zone.
5:37 of 2nd period - Shot by Patrick Kane.
5:37 of 2nd period - Shot Misses the Net.
6:00 of 2nd period - Shot by Teuvo Teravainen.
6:00 of 2nd period - Shot Misses the Net.
6:02 of 2nd period - Shot by Teuvo Teravainen.
6:02 of 2nd period - Goal by Teuvo Teravainen - Canadiens : 3 - Blues : 0.
6:03 of 2nd period - Sean Couturier wins face-off versus David Krejci in neutral zone.
6:24 of 2nd period - Shot by Jakob Silfverberg.
6:24 of 2nd period - Stopped by Carter Hart with a rebound.
6:26 of 2nd period - Shot by Ilya Kovalchuk.
6:26 of 2nd period - Deflect By Jakob Silfverberg.
6:26 of 2nd period - Shot Blocked by Seth Jones.
6:28 of 2nd period - Shot by Jakob Silfverberg.
6:28 of 2nd period - Stopped by Carter Hart without a rebound.
6:29 of 2nd period - Christian Dvorak wins face-off versus Valeri Nichushkin in Blues zone.
6:29 of 2nd period - Christian Dvorak is hit by Colin White.
8:32 of 2nd period - Minor Penalty to Patrick Kane for Interference.
8:33 of 2nd period - Nick Shore wins face-off versus Jack Eichel in Canadiens zone.
9:07 of 2nd period - Shot by Ryan Pulock.
9:07 of 2nd period - Stopped by Tuukka Rask with a rebound.
9:17 of 2nd period - Shot by Seth Jones.
9:17 of 2nd period - Shot Misses the Net.
9:33 of 2nd period - Shot by Josh Bailey.
9:33 of 2nd period - Shot Misses the Net.
9:43 of 2nd period - Shot by Johnny Gaudreau.
9:43 of 2nd period - Stopped by Tuukka Rask without a rebound.
9:44 of 2nd period - Jack Eichel wins face-off versus Auston Matthews in Canadiens zone.
9:47 of 2nd period - Shot by Christian Dvorak.
9:47 of 2nd period - Shot Blocked by Ivan Provorov.
9:49 of 2nd period - Shot by Christian Dvorak.
9:49 of 2nd period - Shot Blocked by Ivan Provorov.
9:51 of 2nd period - Shot by Mikko Rantanen.
9:51 of 2nd period - Shot Misses the Net.
10:03 of 2nd period - Shot by Dougie Hamilton.
10:03 of 2nd period - Shot Hit the Post.
10:05 of 2nd period - Shot by Dougie Hamilton.
10:05 of 2nd period - Stopped by Tuukka Rask with a rebound.
10:07 of 2nd period - Shot by Dougie Hamilton.
10:07 of 2nd period - Stopped by Tuukka Rask without a rebound.
10:08 of 2nd period - Auston Matthews wins face-off versus Sean Couturier in Canadiens zone.
10:29 of 2nd period - Shot by Sean Couturier.
10:29 of 2nd period - Shot Misses the Net.
10:31 of 2nd period - Shot by Josh Bailey.
10:31 of 2nd period - Stopped by Tuukka Rask without a rebound.
10:32 of 2nd period - David Krejci wins face-off versus Trevor Lewis in Canadiens zone.
11:33 of 2nd period - Shot by Ivan Provorov.
11:33 of 2nd period - Stopped by Carter Hart with a rebound.
11:36 of 2nd period - Icing by Colin Miller.
11:37 of 2nd period - Jordan Staal wins face-off versus Nick Shore in Blues zone.
11:50 of 2nd period - Icing by Loui Eriksson.
11:51 of 2nd period - Jack Eichel wins face-off versus Nick Shore in Canadiens zone.
12:05 of 2nd period - Icing by Josh Morrissey.
12:06 of 2nd period - Nick Shore wins face-off versus Sean Couturier in Canadiens zone.
13:08 of 2nd period - Icing by Ryan Pulock.
13:09 of 2nd period - Sean Couturier wins face-off versus David Krejci in Blues zone.
14:16 of 2nd period - P.K. Subban is hit by Auston Matthews and loses puck.
14:59 of 2nd period - Shot by Artturi Lehkonen.
14:59 of 2nd period - Deflect By Valeri Nichushkin.
14:59 of 2nd period - Stopped by Carter Hart with a rebound.
15:10 of 2nd period - Shot by Valeri Nichushkin.
15:10 of 2nd period - Shot Misses the Net.
15:12 of 2nd period - Shot by Josh Morrissey.
15:12 of 2nd period - Stopped by Carter Hart with a rebound.
15:33 of 2nd period - Icing by Nate Schmidt.
15:34 of 2nd period - Jordan Staal wins face-off versus Nick Shore in Canadiens zone.
15:35 of 2nd period - Shot by Michael Chaput.
15:35 of 2nd period - Shot Misses the Net.
15:37 of 2nd period - Shot by Michael Chaput.
15:37 of 2nd period - Stopped by Tuukka Rask without a rebound.
15:38 of 2nd period - David Krejci wins face-off versus Jordan Staal in Canadiens zone.
17:00 of 2nd period - Shot by Jack Eichel.
17:00 of 2nd period - Stopped by Tuukka Rask with a rebound.
18:06 of 2nd period - Christian Dvorak is hit by Artturi Lehkonen and loses puck.
18:19 of 2nd period - Shot by Colin White.
18:19 of 2nd period - Shot Misses the Net.
18:50 of 2nd period - Michael Chaput is hit by Nick Shore and loses puck.
19:09 of 2nd period - Shot by Ivan Provorov.
19:09 of 2nd period - Stopped by Carter Hart with a rebound.
19:11 of 2nd period - Shot by Loui Eriksson.
19:11 of 2nd period - Stopped by Carter Hart without a rebound.
19:12 of 2nd period - Auston Matthews wins face-off versus Jack Eichel in Blues zone.
19:29 of 2nd period - Shot by Jack Eichel.
19:29 of 2nd period - Goal by Jack Eichel - Canadiens : 3 - Blues : 1.
19:30 of 2nd period - Jack Eichel wins face-off versus Nick Shore in neutral zone.
19:41 of 2nd period - Shot by Tyson Jost.
19:41 of 2nd period - Shot Misses the Net.
19:43 of 2nd period - Shot by Loui Eriksson.
19:43 of 2nd period - Deflect By Tyson Jost.
19:43 of 2nd period - Shot Misses the Net.
Goals for this period are 1 for Canadiens vs 1 for Blues.
Shots for this period are 12 for Canadiens vs 13 for Blues.

3rd period


0:01 of 3rd period - Auston Matthews wins face-off versus Jack Eichel in neutral zone.
0:04 of 3rd period - Seth Jones is hit by Patrick Kane and loses puck.
0:13 of 3rd period - Shot by Patrick Kane.
0:13 of 3rd period - Shot Misses the Net.
1:19 of 3rd period - Shot by David Krejci.
1:19 of 3rd period - Stopped by Carter Hart without a rebound.
1:20 of 3rd period - Christian Dvorak wins face-off versus Colin White in Blues zone.
3:57 of 3rd period - Icing by Colin Miller.
3:58 of 3rd period - Jordan Staal wins face-off versus Nick Shore in Blues zone.
4:25 of 3rd period - Nate Schmidt is hit by Mikko Rantanen and loses puck.
4:44 of 3rd period - Shot by Jack Eichel.
4:44 of 3rd period - Deflect By Mikko Rantanen.
4:44 of 3rd period - Shot Blocked by Nick Shore.
5:43 of 3rd period - Minor Penalty to Ivan Provorov for High sticking.
5:44 of 3rd period - Nick Shore wins face-off versus Jack Eichel in Canadiens zone.
5:50 of 3rd period - Icing by Ryan Pulock.
5:51 of 3rd period - Nick Shore wins face-off versus Jack Eichel in Blues zone.
6:06 of 3rd period - Shot by Cam Fowler.
6:06 of 3rd period - Shot Misses the Net.
7:52 of 3rd period - Minor Penalty to Jordan Staal for Interference.
7:53 of 3rd period - Sean Couturier wins face-off versus Auston Matthews in Blues zone.
8:05 of 3rd period - Shot by Patrick Kane.
8:05 of 3rd period - Stopped by Carter Hart without a rebound.
8:06 of 3rd period - Christian Dvorak wins face-off versus David Krejci in Blues zone.
8:20 of 3rd period - Off-side.
8:21 of 3rd period - Auston Matthews wins face-off versus Sean Couturier in neutral zone.
8:26 of 3rd period - Shot by Patrick Kane.
8:26 of 3rd period - Stopped by Carter Hart without a rebound.
8:27 of 3rd period - Sean Couturier wins face-off versus Auston Matthews in Blues zone.
8:37 of 3rd period - Shot by Auston Matthews.
8:37 of 3rd period - Stopped by Carter Hart with a rebound.
8:57 of 3rd period - Icing by Josh Morrissey.
8:58 of 3rd period - Auston Matthews wins face-off versus Sean Couturier in Canadiens zone.
9:09 of 3rd period - Shot by Patrick Kane.
9:09 of 3rd period - Stopped by Carter Hart without a rebound.
9:10 of 3rd period - David Krejci wins face-off versus Sean Couturier in Blues zone.
9:55 of 3rd period - Minor Penalty to MacKenzie Weegar for Hooking.
9:56 of 3rd period - Sean Couturier wins face-off versus Patrick Kane in Blues zone.
10:02 of 3rd period - Icing by Patrick Kane.
10:03 of 3rd period - Auston Matthews wins face-off versus Jordan Staal in Canadiens zone.
10:33 of 3rd period - Shot by Auston Matthews.
10:33 of 3rd period - Stopped by Carter Hart without a rebound.
10:34 of 3rd period - Jordan Staal wins face-off versus David Krejci in Blues zone.
10:52 of 3rd period - Icing by Cam Fowler.
10:53 of 3rd period - David Krejci wins face-off versus Jordan Staal in Canadiens zone.
11:18 of 3rd period - Shot by Cam Fowler.
11:18 of 3rd period - Stopped by Carter Hart with a rebound.
11:20 of 3rd period - Shot by David Krejci.
11:20 of 3rd period - Goal by David Krejci - Canadiens : 4 - Blues : 1.
11:21 of 3rd period - Jack Eichel wins face-off versus Auston Matthews in neutral zone.
11:28 of 3rd period - Shot by Josh Bailey.
11:28 of 3rd period - Deflect By Jack Eichel.
11:28 of 3rd period - Stopped by Tuukka Rask without a rebound.
11:29 of 3rd period - Jack Eichel wins face-off versus Auston Matthews in Canadiens zone.
11:38 of 3rd period - Shot by Jack Eichel.
11:38 of 3rd period - Stopped by Tuukka Rask without a rebound.
11:39 of 3rd period - Christian Dvorak wins face-off versus Colin White in Canadiens zone.
12:38 of 3rd period - Shot by Auston Matthews.
12:38 of 3rd period - Stopped by Carter Hart without a rebound.
12:39 of 3rd period - Sean Couturier wins face-off versus David Krejci in Blues zone.
12:39 of 3rd period - Sean Couturier is hit by David Krejci.
12:47 of 3rd period - Shot by Dougie Hamilton.
12:47 of 3rd period - Shot Misses the Net.
13:46 of 3rd period - Shot by Patrick Kane.
13:46 of 3rd period - Stopped by Carter Hart without a rebound.
13:47 of 3rd period - Jack Eichel wins face-off versus Colin White in Blues zone.
14:13 of 3rd period - Shot by Colin White.
14:13 of 3rd period - Shot Blocked by Jack Eichel.
14:15 of 3rd period - Shot by Ivan Provorov.
14:15 of 3rd period - Stopped by Carter Hart without a rebound.
14:16 of 3rd period - Mikko Rantanen wins face-off versus Auston Matthews in Blues zone.
14:50 of 3rd period - Shot by Johnny Gaudreau.
14:50 of 3rd period - Stopped by Tuukka Rask without a rebound.
14:51 of 3rd period - Sean Couturier wins face-off versus Ilya Kovalchuk in Canadiens zone.
15:11 of 3rd period - Jakob Silfverberg is hit by Seth Jones and loses puck.
15:30 of 3rd period - Shot by Anthony Mantha.
15:30 of 3rd period - Stopped by Tuukka Rask without a rebound.
15:31 of 3rd period - Auston Matthews wins face-off versus Christian Dvorak in Canadiens zone.
15:40 of 3rd period - Shot by Jack Eichel.
15:40 of 3rd period - Shot Misses the Net.
15:44 of 3rd period - Shot by Jack Eichel.
15:44 of 3rd period - Shot Misses the Net.
15:51 of 3rd period - Patrick Kane is hit by Ryan Pulock and loses puck.
17:07 of 3rd period - Jordan Staal is hit by Danny DeKeyser and loses puck.
17:28 of 3rd period - Shot by Colin Miller.
17:28 of 3rd period - Stopped by Tuukka Rask with a rebound.
18:06 of 3rd period - Shot by David Krejci.
18:06 of 3rd period - Shot Misses the Net.
18:11 of 3rd period - Icing by Jack Eichel.
18:12 of 3rd period - Auston Matthews wins face-off versus Jack Eichel in Blues zone.
18:12 of 3rd period - Auston Matthews is hit by Ryan Pulock.
18:24 of 3rd period - Shot by Auston Matthews.
18:24 of 3rd period - Stopped by Carter Hart without a rebound.
18:25 of 3rd period - Nick Shore wins face-off versus Christian Dvorak in Blues zone.
18:30 of 3rd period - Shot by Loui Eriksson.
18:30 of 3rd period - Shot Misses the Net.
18:45 of 3rd period - Shot by Loui Eriksson.
18:45 of 3rd period - Stopped by Carter Hart without a rebound.
18:46 of 3rd period - Auston Matthews wins face-off versus Sean Couturier in Blues zone.
18:46 of 3rd period - Patrick Kane is hit by MacKenzie Weegar.
18:52 of 3rd period - Shot by Teuvo Teravainen.
18:52 of 3rd period - Deflect By Auston Matthews.
18:52 of 3rd period - Stopped by Carter Hart without a rebound.
18:53 of 3rd period - Sean Couturier wins face-off versus Auston Matthews in Blues zone.
19:15 of 3rd period - Icing by Cam Fowler.
19:16 of 3rd period - Jack Eichel wins face-off versus Auston Matthews in Canadiens zone.
19:21 of 3rd period - Shot by Mikko Rantanen.
19:21 of 3rd period - Shot Blocked by Ivan Provorov.
19:23 of 3rd period - Shot by Josh Bailey.
19:23 of 3rd period - Shot Blocked by Ivan Provorov.
19:25 of 3rd period - Shot by Josh Bailey.
19:25 of 3rd period - Deflect By Mikko Rantanen.
19:25 of 3rd period - Stopped by Tuukka Rask without a rebound.
19:26 of 3rd period - Christian Dvorak wins face-off versus David Krejci in Canadiens zone.
19:27 of 3rd period - Shot by Jack Eichel.
19:27 of 3rd period - Stopped by Tuukka Rask without a rebound.
19:28 of 3rd period - David Krejci wins face-off versus Jack Eichel in Canadiens zone.
19:38 of 3rd period - Icing by Seth Jones.
19:39 of 3rd period - Auston Matthews wins face-off versus Josh Bailey in Blues zone.
Goals for this period are 1 for Canadiens vs 0 for Blues.
Shots for this period are 14 for Canadiens vs 7 for Blues.